 Dungeon Crawl Stone Soup version 0.32-a0-468-g38b2580584 (webtiles) character file.

Game seed: 1223422984317641831

79 mopl the Vexing (level 4, -4/28 HPs)
             Began as an Octopode Hexslinger on Feb 24, 2024.
             Slain by an iguana (10 damage)
             ... on level 4 of the Dungeon.
             The game lasted 00:02:24 (1889 turns).

mopl the Vexing (Octopode Hexslinger)               Turns: 1889, Time: 00:02:25

Health: -4/28      AC:  1    Str:  7    XL:     4   Next: 37%
Magic:  6/6        EV: 13    Int: 15    God:
Gold:   103        SH:  0    Dex: 16    Spells: 1/6 levels left

rFire   . . .        (no weapon)
rCold   . . .        (no shield)
rNeg    . . .        (helmet restricted)
rPois   .            (no amulet)
rElec   .            j - +4 ring of slaying
rCorr   .            (no ring)
SInv    .            (no ring)
Will    .....        (no ring)
Stlth   ++           (no ring)
HPRegen 0.24/turn    (no ring)
MPRegen 0.10/turn    (no ring)
                     (no ring)

%: no passive effects
@: no status effects
A: almost no armour, amphibious, 8 rings, camouflage 1, gelatinous body 1,
(nimble swimmer 1), tentacles
a: no special abilities


You were on level 4 of the Dungeon.
You visited 1 branch of the dungeon, and saw 4 of its levels.

You collected 103 gold pieces.

Inventory:

Hand Weapons
 a - a +1 sling
Missiles
 p - 3 poisoned darts
Jewellery
 j - a +4 ring of slaying (left tentacle)
Scrolls
 b - 2 scrolls of poison
 c - a scroll of brand weapon {unknown}
 d - a scroll of silence {unknown}
 e - a scroll of revelation {unknown}
 f - a scroll of enchant armour {unknown}
 g - a scroll of fear {unknown}
 h - 2 scrolls of identify {unknown}
 i - a scroll of immolation {unknown}
 l - 2 scrolls of teleportation {unknown}
 m - a scroll of fog {unknown}
Potions
 k - a potion of heal wounds {unknown}
 n - 2 potions of curing {unknown}
 o - a potion of might {unknown}
 q - a potion of mutation {unknown}
 r - a potion of cancellation {unknown}


   Skills:
 - Level 1.0 Fighting
 * Level 3.4 Ranged Weapons
 - Level 2.0 Dodging
 + Level 1.9 Spellcasting
 + Level 3.6 Hexes
 - Level 1.0 Fire Magic


You had one spell level left.
You knew the following spells:

 Your Spells              Type           Power      Damage    Failure   Level
a - Jinxbite              Hex            24%        N/A       8%          2
b - Sigil of Binding      Hex            12%        N/A       16%         3

Your spell library contained the following spells:

 Spells                   Type           Power      Damage    Failure   Level
 Inner Flame              Hex/Fire       8%         N/A       26%         3
 Cause Fear               Hex            6%         N/A       45%         4
 Dimensional Bullseye     Hex/Tloc       3%         N/A       71%         4


Dungeon Overview and Level Annotations

Branches:
Dungeon (4/15)
 Temple: D:4-7

Altars:


Innate Abilities, Weirdness & Mutations

You cannot wear most types of armour.
You are amphibious.
You can wear up to eight rings at the same time.
Your skin changes colour to match your surroundings (Stealth+).
Your rubbery body absorbs attacks. (AC +1, EV +1)
((You are camouflaged when in or above water. (Stealth+)))
You have tentacles for arms and can constrict up to eight enemies at once.


Message History

You shoot a sling bullet. The sling bullet hits the ball python.
The ball python hisses angrily.
The ball python is heavily wounded.
You shoot a sling bullet. The sling bullet hits the ball python.
You kill the ball python!
No target in view!
No target in view!
Done exploring.
Done exploring.
What level of the Dungeon? (default 3, ? - help)
There is a stone staircase leading down here.
You climb downwards.
The iguana hisses angrily.
There is a stone staircase leading up here.
An iguana is nearby!
You shoot a sling bullet. The sling bullet hits the iguana!
The iguana is heavily wounded.
You shoot a sling bullet. The sling bullet hits the iguana.
The iguana is severely wounded.
You shoot a sling bullet.
The sling bullet closely misses the iguana.
You shoot a sling bullet.
The sling bullet barely misses the iguana.
The iguana bites you! The iguana misses you.
You shoot a sling bullet.
The sling bullet barely misses the iguana.
The iguana bites you!
* * * LOW HITPOINT WARNING * * *
You are too injured to fight recklessly!
You are too injured to fight recklessly!
You are now empty-tentacled.
You tentacle-slap the iguana but do no damage.
You grab the iguana.
The iguana is severely wounded.
You constrict the iguana. The iguana misses you.
You tentacle-slap the iguana but do no damage.
The iguana is almost dead.
You constrict the iguana, but do no damage.
The iguana bites you!
You die...

### ###..####
........###
..........#
..........##
......l@...#
...........#
...........#
#..........#
#...........#
#..#....##....
#.#######
##... #. ##.


You could see an iguana.

Vanquished Creatures
  3 adders
  A ribbon worm (D:2)
  2 ball pythons
  2 endoplasms (D:1)
  6 giant cockroaches
  7 goblins
  3 hobgoblins
  3 quokkas
  4 bats
  3 frilled lizards
  5 kobolds
  11 rats
50 creatures vanquished.

Notes
Turn   | Place    | Note
-------+----------+-------------------------------------------
     0 | D:1      | mopl the Octopode Hexslinger began the quest for the Orb.
     0 | D:1      | Reached XP level 1. HP: 13/13 MP: 2/2
   141 | D:1      | Reached XP level 2. HP: 17/18 MP: 3/3
   151 | D:1      | Learned a level 2 spell: Jinxbite
   789 | D:2      | Reached XP level 3. HP: 23/23 MP: 5/5
   803 | D:2      | Learned a level 3 spell: Sigil of Binding
   815 | D:2      | Reached skill level 3 in Ranged Weapons
  1527 | D:3      | Reached XP level 4. HP: 28/28 MP: 6/6
  1889 | D:4      | Slain by an iguana

Illustrated notes

Levels and vault maps discovered:
D:1:      heliophobic_arrival_dark_side_of_the_moon, layout_basic
D:2:      layout_loops_ring
D:3:      layout_basic
D:4:      layout_cave_pods, grunt_dithmenos_smoke,
          minmay_temple_entry_water_ring, serial_shops,
          nicolae_shop_behind_doors, nicolae_zen_rock_garden

Skill      XL: |  1  2  3 |
---------------+----------+-----
Ranged Weapons | 3 |  3.4
Fighting       | |  1.0
Dodging        | |  2.0
Spellcasting   | |  1.9
Hexes          | |  3.6
Fire Magic     | |  1.0

Action                     |  1- 3 |  4- 6 || total
---------------------------+-------+-------++-------
  Melee: Unarmed           |       |     5 ||     5
         Constrict         |       |     2 ||     2
         Tentacles         |       |     1 ||     1
   Fire: Sling             |    94 |    21 ||   115
   Cast: Jinxbite          |     2 |       ||     2
 Armour: Skin              |    14 |     6 ||    20
  Dodge: Dodged            |    16 |    12 ||    28

Table legend: (Time is in decaauts)
 A = Elapsed time spent in this place.
 B = Non-inter-level travel time spent in this place.
 C = Inter-level travel time spent in this place.
 D = Time resting spent in this place.
 E = Time spent auto-exploring this place.
 F = Levels seen in this place.
 G = Mean time per level.
                   A        B        C        D        E       F      G
               +--------+--------+--------+--------+--------+-----+--------+
         Total |   1915 |   1771 |    144 |     96 |   1404 |   4 |  478.8 |
       Dungeon |   1915 |   1771 |    144 |     96 |   1404 |   4 |  478.8 |
               +--------+--------+--------+--------+--------+-----+--------+

Top non-repeatable levels by time:
     D:1: 763 daAuts
     D:2: 602 daAuts
     D:3: 541 daAuts
     D:4: 8 daAuts
